AoeStats
← Lord_Wilfredo

MegaRandom

509029874Analyzed
4v4 RM · 7d ago on Sep 25, 2026· 67m 16s· 8 players
Game mode
Random Map
Map size
Large (8 player)
Population
200
Speed
Normal
Resources
Standard
Victory
Conquest
Starting age
Dark Age
Ending age
Imperial Age
RankedLock teamsTeams togetherTeam positionsShared explorationLock speedFull tech treeHidden civsTurbo modeCheats
Victory
Defeat
🇦🇷 Huns · Argentina
1403
+12
🇦🇷 Persians · Argentina
1354
+14
🇲🇽 Mongols · Mexico
1331
+15
1323
+15
🇨🇴 Sicilians · Colombia
1413
-17
🇨🇴 Magyars · Colombia
1357
-16
🇵🇪 Franks · Peru
1349
-15
🇵🇪 Inca · Peru
1131
-8
Villano91
7:42 Loom
7:53 Loom
9:58 Feudal Age
10:43 Double-Bit Axe
16:37 Fletching
18:15 Gold Mining
18:22 Horse Collar
18:58 Padded Archer Armor
24:03 Castle Age
25:12 Crossbowman
28:24 Bow Saw
29:05 Stone Mining
30:12 Wheelbarrow
29:27 Town Watch
30:48 Gold Shaft Mining
33:44 Bodkin Arrow
33:57 Scale Barding Armor
35:31 Stone Shaft Mining
35:25 Thumb Ring
36:42 Husbandry
36:52 Bloodlines
39:21 Hand Cart
39:56 Chain Barding Armor
40:44 Ballistics
41:04 Nomads
44:05 Imperial Age
41:38 Town Patrol
43:31 Murder Holes
43:47 Masonry
45:10 Conscription
47:41 Chemistry
47:29 Hoardings
47:04 Heavy Plow
47:08 Elite Mangudai
49:07 Chain Barding Armor
53:02 Forging
52:46 Light Cavalry
54:46 Hussar
57:29 Iron Casting
63:11 Caravan
cuba
6:10 Loom
8:39 Feudal Age
13:04 Double-Bit Axe
15:53 Scale Barding Armor
22:24 Wheelbarrow
22:34 Forging
26:29 Castle Age
25:50 Bloodlines
25:54 Gold Mining
32:46 Horse Collar
36:08 Hand Cart
40:04 Gold Shaft Mining
40:16 Chain Barding Armor
41:49 Bow Saw
42:27 Iron Casting
54:58 Imperial Age
55:00 Heavy Plow
54:38 Cavalier
56:23 Plate Barding Armor
56:01 Savar
58:58 Blast Furnace
58:16 Husbandry
60:32 Light Cavalry
Lord_Wilfredo
7:29 Loom
9:55 Feudal Age
10:52 Double-Bit Axe
15:30 Fletching
16:41 Padded Archer Armor
21:56 Wheelbarrow
23:56 Town Watch
27:24 Castle Age
26:59 Gold Mining
27:28 Crossbowman
28:06 Bodkin Arrow
29:22 Leather Archer Armor
31:15 Bow Saw
38:39 Ballistics
43:01 Bloodlines
51:53 Stone Mining
58:37 Imperial Age
56:52 Hand Cart
57:30 Elite Skirmisher
58:15 Thumb Ring
60:20 Two-Man Saw
60:23 Conscription
63:54 Capped Ram
65:02 Siege Ram
66:28 Marauders
我伴糖有1300你不服气吗
5:25 Loom
8:29 Feudal Age
9:46 Double-Bit Axe
14:47 Scale Barding Armor
16:26 Forging
19:58 Wheelbarrow
22:46 Horse Collar
27:10 Castle Age
25:22 Gold Mining
27:13 Light Cavalry
27:54 Husbandry
28:15 Chain Barding Armor
30:27 Iron Casting
30:46 Hand Cart
35:24 Stone Mining
40:46 Imperial Age
39:50 Gold Shaft Mining
40:02 Bow Saw
39:54 Heavy Plow
40:46 Heavy Camel Rider
42:03 Plate Barding Armor
41:54 Conscription
43:01 Logistica
44:52 Two-Man Saw
44:09 Capped Ram
46:44 Coinage
56:39 Pikeman
57:20 Scale Mail Armor
57:57 Squires
57:49 Elite Varangian Guard
59:55 Crop Rotation
59:53 Fletching
60:18 Chain Mail Armor
61:44 Stone Shaft Mining
61:34 Bodkin Arrow
62:09 Plate Mail Armor
62:28 Plate Mail Armor
62:10 Treadmill Crane
62:26 Arson
62:15 Elite Skirmisher
63:00 Thumb Ring
62:58 Padded Archer Armor
63:40 Guilds
64:12 Bracer
64:28 Leather Archer Armor
64:21 Halberdier
65:59 Caravan
| ArCas | Tozo
6:42 Loom
9:29 Feudal Age
9:54 Man-at-Arms
11:44 Double-Bit Axe
15:28 Fletching
21:52 Padded Archer Armor
28:32 Gold Mining
29:05 Horse Collar
32:33 Castle Age
32:36 Crossbowman
33:12 Bodkin Arrow
33:36 Bow Saw
34:39 Wheelbarrow
34:25 Town Watch
36:26 Ballistics
37:14 Leather Archer Armor
54:06 Imperial Age
54:06 Arbalester
55:50 Bracer
57:27 Town Patrol
60:11 Hand Cart
61:17 Heavy Mounted Crossbowman
61:17 Cranequins
64:20 Bloodlines
64:10 Husbandry
64:26 Elite Serjeant
11++
8:09 Loom
10:39 Feudal Age
16:48 Fletching
17:30 Padded Archer Armor
19:41 Town Watch
24:40 Double-Bit Axe
24:37 Horse Collar
27:48 Castle Age
28:13 Crossbowman
29:00 Thumb Ring
29:30 Bodkin Arrow
32:59 Leather Archer Armor
36:23 Wheelbarrow
37:00 Bow Saw
38:05 Ballistics
39:49 Gold Mining
40:37 Murder Holes
46:36 Imperial Age
45:03 Heavy Plow
46:24 Elite Skirmisher
47:29 Bracer
46:51 Arbalester
48:39 Chemistry
48:45 Conscription
50:26 Conscription
50:34 Stone Mining
50:06 Capped Ram
52:46 Hand Cart
54:40 Town Patrol
56:27 Forging
61:50 Squires
61:10 Pikeman
63:12 Iron Casting
62:38 Scale Mail Armor
62:43 Arson
66:00 Pikeman
66:57 Chain Mail Armor
NTMElGanzo
6:43 Loom
9:01 Feudal Age
13:57 Double-Bit Axe
23:07 Castle Age
22:06 Bloodlines
23:26 Light Cavalry
25:12 Horse Collar
25:51 Scale Barding Armor
30:25 Husbandry
35:53 Chain Barding Armor
47:19 Wheelbarrow
50:11 Imperial Age
50:21 Cavalier
51:27 Hand Cart
51:25 Corvinian Army
53:32 Paladin
57:22 Light Cavalry
58:51 Gold Mining
61:11 Caravan
63:19 Elite Magyar Huszar
Miracle-
6:14 Loom
9:30 Feudal Age
12:04 Double-Bit Axe
15:34 Forging
16:10 Scale Barding Armor
24:26 Castle Age
23:44 Gold Mining
25:44 Wheelbarrow
25:54 Chain Barding Armor
28:19 Iron Casting
42:50 Imperial Age
42:03 Husbandry
42:53 Cavalier
44:10 Plate Barding Armor
45:35 Blast Furnace
61:57 Light Cavalry
Connection lost

Rejoining the realm…

Still unreachable

The connection could not be restored.

Session expired

The server has moved on; the page needs a fresh start.